 Dungeon Crawl Stone Soup version 0.18-a0-1485-g189885c (webtiles) character file.

844 SlimeFever the Slasher (level 7, -4/55 HPs)
             Began as a Demonspawn Berserker on Mar 3, 2016.
             Was a Priest of Trog.
             Slain by an orc warrior
             ... wielding a +0 dire flail
              (14 damage)
             ... on level 6 of the Dungeon.
             The game lasted 00:31:29 (4281 turns).

SlimeFever the Slasher (Demonspawn Berserker)       Turns: 4281, Time: 00:31:29

Health: -4/55      AC: 15    Str: 19    XL:     7   Next: 68%
Magic:  7/7        EV:  7    Int:  9    God:    Trog [***...]
Gold:   358        SH:  0    Dex: 12    Spells: 0 memorised, 6 levels left

rFire  + . .     SeeInvis .     a - +1 falchion
rCold  . . .     Gourm    .     B - +1 plate armour of Ziammaiwn {rPois rF+ rN+ Regen+}
rNeg   + . .     Faith    .     (no shield)
rPois  +         Spirit   .     (no helmet)
rElec  .         Dismiss  .     j - +0 cloak
rCorr  +         Reflect  .     (no gloves)
SustAt .         Harm     .     (no boots)
MR     .....                    (no amulet)
Stlth  ..........               v - +1 ring of protection
                                r - ring of resist corrosion

@: not resistant to hostile enchantments, extremely unstealthy
A: claws 1, demonic guardian 2, spiny 2
a: Berserk, Trog's Hand, Burn Spellbooks, Renounce Religion


You were on level 6 of the Dungeon.
You worshipped Trog.
Trog was most pleased with you.
You were not hungry.

You visited 1 branch of the dungeon, and saw 6 of its levels.

You collected 358 gold pieces.

Inventory:

Hand Weapons
 a - a +1 falchion (weapon)
 b - a +0 long sword
 m - a +0 hunting sling
 n - a +0 blowgun
 y - a +0 falchion
Missiles
 t - 35 arrows
 u - 10 arrows of frost
 w - 21 bolts
Armour
 j - a +0 cloak (worn)
 o - a +0 plate armour
 B - the +1 plate armour of Ziammaiwn (worn) {rPois rF+ rN+ Regen+}
   (You found it on level 5 of the Dungeon)

   It protects you from fire.
   It protects you from poison.
   It protects you from negative energy.
   It increases your rate of regeneration.
Jewellery
 r - a ring of resist corrosion (left claw)
 v - a +1 ring of protection (right claw)
 x - an uncursed ring of fire
Wands
 z - a wand of slowing (24/48)
Scrolls
 d - 2 scrolls of identify
 k - 5 scrolls of teleportation
 p - 2 scrolls of noise
 s - a scroll of immolation
Potions
 e - 5 potions of brilliance
 f - a potion of heal wounds
 g - a potion of degeneration {unknown}
 h - a potion of lignification
 i - a potion of might {unknown}
 q - a potion of invisibility
Comestibles
 c - 7 bread rations
 l - a beef jerky


   Skills:
 + Level 4.4 Fighting
 * Level 5.9 Long Blades
 * Level 4.0 Armour
 + Level 3.4 Dodging
 + Level 1.5 Stealth


You had 6 spell levels left.
You didn't know any spells.

Dungeon Overview and Level Annotations

Branches:
Dungeon (6/15)             Temple (0/1) D:4

Altars:
Cheibriados
Gozag
Okawaru
Pakellas
Qazlal
Xom


Innate Abilities, Weirdness & Mutations

You have sharp fingernails.
A demonic guardian rushes to your aid.
You are mostly covered in sharp spines.


Message History

The orc warrior hits you with a dire flail!!
Your plate armour of Ziammaiwn prevents you from hitting the orc warrior.
The orc warrior is lightly wounded.
You are no longer corroded.
The orc warrior hits you with a dire flail!
* * * LOW HITPOINT WARNING * * *
You closely miss the orc warrior.
The orc warrior is lightly wounded.
The orc warrior hits you but does no damage.
You hit the orc warrior.
The orc warrior is moderately wounded.
You hit the orc warrior.
The orc warrior is moderately wounded.
The orc warrior hits you but does no damage.
The orc wizard miscasts a cantrip.
You barely miss the orc warrior.
The orc warrior is moderately wounded.
The orc warrior is struck by your spines.
The orc warrior hits you with a dire flail!
You die...

****##...>..##.#.#.#####
,,,**####...##.#.#.########
,,,+_*,...................#
,,,****##...##.###.########
********#.,,*#.# #.#
*,,,,,,,,,*### #.#
***,*****,*,* #.##
,,,,,,,,*.#.######..###
,,,,,,,,,....ooo@4(...#
,,*,***,,....o####..#.#
,,*,* *,,...,,,,,.....#
,,*,* *,,.,,,,**##..#.#
,,*,* *,*,,,,,,,,...#.#
,,*,* *,*,,,*****#..#,#
,,*,***,*,*** #..#,*
,,*,,,,,*,* #..#,*
***,***,*,* *,,*,*


You could see an orc warrior, an orc wizard, 2 orcs and a friendly ice devil.

Vanquished Creatures
  Blork the orc (D:5)
  3 scorpions
  4 hounds
  A jelly (D:6)
  3 worker ants (D:4)
  3 gnolls (D:5)
  A howler monkey skeleton (D:5)
  9 adders
  2 adder skeletons
  3 worms
  2 dart slugs
  3 giant geckos
  3 orcs
  3 giant cockroaches (D:1)
  7 goblins
  5 hobgoblins
  A jackal (D:5)
  13 kobolds
  2 quokkas
  10 bats
  A giant gecko skeleton (D:4)
  2 giant newts
  A jackal skeleton (D:4)
  8 rats
91 creatures vanquished.

Vanquished Creatures (collateral kills)
  Eustachio (D:5)
  A phantom (D:6)
  A howler monkey (D:5)
  A crimson imp (D:5)
  A jelly (D:5)
  An orc wizard (D:5)
  An adder (D:5)
  3 orcs (D:5)
10 creatures vanquished.

Vanquished Creatures (others)
  2 centaurs (D:5)
2 creatures vanquished.

Grand Total: 103 creatures vanquished

Notes
Turn   | Place    | Note
--------------------------------------------------------------
     0 | D:1      | SlimeFever the Demonspawn Berserker began the quest for the Orb.
     0 | D:1      | Reached XP level 1. HP: 18/18 MP: 1/1
   138 | D:1      | Found a snail-covered altar of Cheibriados.
   303 | D:1      | Reached skill level 3 in Long Blades
   460 | D:1      | Gained mutation: You are partially covered in sharp spines. [demonic ancestry]
   460 | D:1      | Reached XP level 2. HP: 22/24 MP: 2/2
  1034 | D:2      | Gained mutation: You have sharp fingernails. [demonic ancestry]
  1034 | D:2      | Reached XP level 3. HP: 29/29 MP: 3/3
  1049 | D:2      | Reached ** piety under Trog
  1206 | D:2      | Found a stormy altar of Qazlal.
  1573 | D:2      | Gained mutation: You are mostly covered in sharp spines. [demonic ancestry]
  1573 | D:2      | Reached XP level 4. HP: 30/35 MP: 4/4
  2177 | D:3      | Reached skill level 4 in Long Blades
  2560 | D:4      | Reached XP level 5. HP: 28/41 MP: 5/5
  2665 | D:4      | Reached skill level 1 in Stealth
  2824 | D:4      | Found an oddly glowing altar of Pakellas.
  2845 | D:4      | Reached *** piety under Trog
  2845 | D:4      | Gained mutation: A weak demonic guardian rushes to your aid. [demonic ancestry]
  2845 | D:4      | Reached XP level 6. HP: 48/48 MP: 6/6
  2884 | D:4      | Found a staircase to the Ecumenical Temple.
  3268 | D:5      | Entered Level 5 of the Dungeon
  3280 | D:5      | Reached skill level 5 in Long Blades
  3449 | D:5      | Found an opulent altar of Gozag.
  3491 | D:5      | Got a shimmering plate armour
  3502 | D:5      | Identified the cursed +1 plate armour of Ziammaiwn {rPois rF+ rN+ Regen+} (You found it on level 5 of the Dungeon)
  3550 | D:5      | Noticed Blork the orc
  3558 | D:5      | Killed Blork the orc
  3558 | D:5      | Gained mutation: A demonic guardian rushes to your aid. [demonic ancestry]
  3558 | D:5      | Reached XP level 7. HP: 54/54 MP: 7/7
  3605 | D:5      | Found a shimmering altar of Xom.
  3780 | D:5      | Noticed Eustachio
  3785 | D:5      | Killed Eustachio
  3921 | D:5      | Found an iron altar of Okawaru.
  4281 | D:6      | Slain by an orc warrior

Vault maps used:
D:1:      dpeg_arrival_tiny_i, corexii_item_surrounded_by_moat, fountainhead,
          cheibriados_altar_1
D:2:      nicolae_qazlal_eye_of_the_storm
D:3:      corexii_shack_village, grunt_ministairs_2
D:4:      nicolae_overflow_hidden_temple, minmay_temple_entry_grid
D:5:      okawaru_altar_gauntlet_db, first_bread, basic_altar,
          xom_confusion_cloud, uniq_eustachio, uniq_blork_the_orc
D:6:      lemuel_blue_sif_altar, minmay_overflow_temple_star_quad,
          elyvilon_altar_1

Skill      XL: |  1  2  3  4  5  6  7 |
---------------+----------------------+-----
Long Blades    | 3 4 5 |  5.9
Dodging        | 2 3 |  3.4
Armour         | 2 3 4 |  4.0
Stealth        | 1 |  1.5
Fighting       | 4 |  4.4

Action                   |  1- 3 |  4- 6 |  7- 9 || total
-------------------------+-------+-------+-------++-------
Melee: Falchion          |    48 |   117 |    31 ||   196
  Use: Scroll            |     4 |     6 |     2 ||    12
 Stab: Sleeping          |     1 |       |       ||     1
  Eat: Meat ration       |       |     1 |     1 ||     2
       Pizza             |       |     1 |       ||     1
       Beef jerky        |       |     1 |       ||     1
